 Dungeon Crawl Stone Soup version 0.19.1-1-g22dce08 (webtiles) character file.

102 N00B the Slasher (level 4, -6/32 HPs)
             Began as a High Elf Abyssal Knight on Jan 1, 2017.
             Was a Believer of Lugonu.
             Killed from afar by Sigmund (8 damage)
             ... with a magic dart
             ... on level 2 of the Dungeon.
             The game lasted 00:02:51 (2386 turns).

N00B the Slasher (High Elf Abyssal Knight)          Turns: 2386, Time: 00:02:52

Health: -6/32      AC:  7    Str:  9 (12) XL:     4   Next: 50%
Magic:  6/6        EV: 14    Int: 13 (16) God:    Lugonu [**....]
Gold:   109        SH:  0    Dex: 18 (19) Spells: 0 memorised, 3 levels left

rFire  . . .     SeeInvis .     a - +1 falchion
rCold  + . .     Gourm    .     m - +0 scale mail
rNeg   . . .     Faith    .     (no shield)
rPois  .         Spirit   .     r - +0 helmet
rElec  .         Reflect  .     (no cloak)
rCorr  .         Harm     .     (no gloves)
MR     .....     Rnd*Rage +     (no boots)
Stlth  +.........               (no amulet)
                                (no ring)
                                d - ring of protection from cold

@: agile
A: berserk 1, subdued magic 1
a: Depart the Abyss, Bend Space, Renounce Religion


You were on level 2 of the Dungeon.
You worshipped Lugonu.
Lugonu was pleased with you.
You were not hungry.

You visited 1 branch of the dungeon, and saw 3 of its levels.
You visited the Abyss 1 time.

You collected 109 gold pieces.

Inventory:

Hand Weapons
 a - a +1 falchion (weapon)
Armour
 b - a +0 leather armour
 m - a +0 scale mail (worn)
 r - a +0 helmet (worn)
Jewellery
 d - a ring of protection from cold (left hand)
Scrolls
 c - a scroll of fear {unknown}
 e - a scroll of enchant weapon {unknown}
 f - a scroll of teleportation {unknown}
 g - 9 scrolls of identify {unknown}
 k - a scroll of amnesia {unknown}
 q - a scroll of magic mapping {unknown}


   Skills:
 + Level 3.6 Fighting
 * Level 4.3 Long Blades
 + Level 1.3 Armour
 + Level 2.5 Dodging
 * Level 2.6 Invocations


You had 3 spell levels left.
You didn't know any spells.

Dungeon Overview and Level Annotations

Branches:
Dungeon (3/15)

Altars:

Annotations:
D:2 Sigmund


Innate Abilities, Weirdness & Mutations

You tend to lose your temper in combat.
Your spells are a little easier to cast, but a little less powerful.


Message History

Unknown command.
No target in view!
Something hits you but does no damage.
You completely miss something.
You hear some strange, mumbled words.
A magic dart appears from out of thin air!
The magic dart hits you!
* * * LOW HITPOINT WARNING * * *
Unknown command.
You hit something.
You hear some strange, mumbled words.
A puff of flame appears from out of thin air!
The puff of flame hits you!
* * * LOW HITPOINT WARNING * * *
Unknown command.
You hit something but do no damage.
You hear some strange, mumbled words.
A magic dart appears from out of thin air!
The magic dart hits you!
You die...

###### ##### #....# #...#
#....# ####
######...######....### ...
#.).{@>...............
######'##.####...####<########
#..........# #...........)....
#..........# ########.########
#..........# #..[.....#
#..........# #........#
#..........# #........#
#..........# #........####
#...<......# #............


There were no monsters in sight!

Vanquished Creatures
  Terence (D:1)
  Robin (D:2)
  2 adders (D:2)
  2 dart slugs
  A leopard gecko (D:1)
  6 bats
  3 giant cockroaches
  11 goblins
  10 hobgoblins
  A kobold (D:1)
  A frilled lizard (D:1)
  3 rats
42 creatures vanquished.

Notes
Turn   | Place    | Note
-------+----------+-------------------------------------------
     0 | Abyss:1  | N00B the High Elf Abyssal Knight began the quest for the Orb.
     0 | Abyss:1  | Reached XP level 1. HP: 16/16 MP: 3/3
    75 | D:1      | Escaped the Abyss
   217 | D:1      | Reached XP level 2. HP: 15/21 MP: 4/4
   232 | D:1      | Reached skill level 1 in Armour
   719 | D:1      | Reached skill level 3 in Long Blades
   791 | D:2      | Noticed Sigmund
   791 | D:2      | Noticed Terence
   809 | D:1      | Killed Terence
   809 | D:1      | Reached XP level 3. HP: 15/26 MP: 5/5
  1080 | D:2      | Noticed Robin
  1108 | D:2      | Reached ** piety under Lugonu
  1570 | D:2      | Reached XP level 4. HP: 31/31 MP: 6/6
  1573 | D:2      | Reached skill level 4 in Long Blades
  1913 | D:2      | Killed Robin
  2356 | D:2      | Gained mutation: You tend to lose your temper in combat. [potion of mutation]
  2356 | D:2      | Gained mutation: Your spells are a little easier to cast, but a little less powerful. [potion of mutation]
  2386 | D:2      | Killed from afar by Sigmund

Skill      XL: |  1  2  3  4 |
---------------+-------------+-----
Armour         | 1 |  1.3
Long Blades    | 3 4 |  4.3
Fighting       | |  3.6
Dodging        | |  2.5
Invocations    | |  2.6

Action                   |  1- 3 |  4- 6 || total
-------------------------+-------+-------++-------
Melee: Falchion          |    95 |    47 ||   142
  Use: Potion            |       |     7 ||     7
  Eat: Bread ration      |     1 |       ||     1
Armor: Leather armour    |    15 |       ||    15
       Scale mail        |    17 |    27 ||    44
       Skin              |       |    13 ||    13
Dodge: Dodged            |    67 |    17 ||    84
       Rpst.: Falchion   |    30 |     3 ||    33
